 Dungeon Crawl Stone Soup version 0.18.1-48-g4cf74bf (webtiles) character file.

807 Inkary the Skirmisher (level 7, -5/64 HPs)
             Began as a Ghoul Fighter on July 27, 2016.
             Killed by divine providence
             ... invoked by an orc priest
              (13 damage)
             ... on level 6 of the Dungeon.
             The game lasted 00:13:21 (3739 turns).

Inkary the Skirmisher (Ghoul Fighter)               Turns: 3739, Time: 00:13:22

Health: -5/64      AC:  7    Str: 27    XL:     7   Next: 92%
Magic:  6/6        EV: 10    Int:  3    God:
Gold:   219        SH:  0    Dex:  8    Spells: 0 memorised, 6 levels left

rFire  . . .     SeeInvis .       - Unarmed
rCold  + . .     Gourm    .     a - +0 scale mail
rNeg   + + +     Faith    .     (no shield)
rPois  ∞         Spirit   .     (no helmet)
rElec  .         Dismiss  .     (no cloak)
rCorr  .         Reflect  .     (no gloves)
SustAt .         Harm     .     (no boots)
MR     .....                    (no amulet)
Stlth  ..........               (no ring)
                                (no ring)

@: mighty, rotting, not resistant to hostile enchantments, extremely unstealthy
A: rotting body, claws 1, carnivore 3, cold resistance 1, negative energy
resistance 3, slow regeneration 1, torment resistance, unbreathing
a: no special abilities


You were on level 6 of the Dungeon.
You were not hungry.

You visited 1 branch of the dungeon, and saw 6 of its levels.

You collected 219 gold pieces.

Inventory:

Armour
 a - a +0 scale mail (worn)
 b - a +0 shield
 m - a +0 buckler
Jewellery
 y - an uncursed ring of fire {unknown}
 B - an uncursed ring of positive energy {unknown}
 D - an uncursed ring of protection from fire {unknown}
Wands
 l - a wand of flame (13/48)
 p - a wand of lightning (6/15)
 w - a wand of flame (33/48)
Scrolls
 h - 3 scrolls of random uselessness {unknown}
 j - a scroll of fear {unknown}
 k - 2 scrolls of enchant weapon {unknown}
 n - a scroll of magic mapping {unknown}
 o - a scroll of remove curse {unknown}
 r - 2 scrolls of identify {unknown}
 s - a scroll of teleportation {unknown}
 t - a scroll of fog {unknown}
 u - 2 scrolls of amnesia {unknown}
Potions
 c - 2 potions of might
 e - a potion of agility {unknown}
 f - a potion of ambrosia {unknown}
 g - a potion of heal wounds {unknown}
 i - 3 potions of mutation {unknown}
 q - 2 potions of cure mutation {unknown}
 v - 2 potions of invisibility {unknown}
 x - 3 potions of curing {unknown}
 A - a potion of magic {unknown}
Comestibles
 d - 2 meat rations
 z - a beef jerky
 C - 3 chunks of flesh


   Skills:
 + Level 6.3 Fighting
 + Level 5.3 Armour
 - Level 2.6 Shields
 + Level 5.7 Unarmed Combat


You had 6 spell levels left.
You didn't know any spells.

Dungeon Overview and Level Annotations

Branches:
Dungeon (7/15)
 Temple: D:4-7

Altars:
Dithmenos
Fedhas
Kikubaaqudgha
Ru
Trog
Vehumet
Zin
The Shining One

Shops:
D:4 =


Innate Abilities, Weirdness & Mutations

Your body is rotting away.
You thrive on raw meat.
You are immune to poison.
You have sharp fingernails.
You are carnivorous and can eat meat at any time.
Your flesh is cold resistant.
You are immune to negative energy.
You regenerate slowly when monsters are visible.
You are immune to unholy pain and torment.
You can survive without breathing.


Message History

The orc warrior is healed somewhat.
You scratch the orc warrior but do no damage.
Your claw misses the orc warrior.
The orc warrior is lightly wounded.
The orc warrior hits you with a short sword!
The orc priest casts a cantrip, but nothing happens.
You claw the orc warrior!
The orc warrior is moderately wounded.
The orc warrior hits you with a short sword!
* * * LOW HITPOINT WARNING * * *
The orc priest looks braver for a moment.
You are too injured to fight recklessly!
You are too injured to fight recklessly!
Drink which item? (? for menu, Esc to quit)
You feel very mighty all of a sudden.
The orc warrior hits you with a short sword!
* * * LOW HITPOINT WARNING * * *
The orc priest mumbles some strange prayers to Beogh against you.
Beogh smites you!
You die...

##.............#
##...........##
#..........##
#........###
#........##
#...####..###
##### ###..###
###..## ##.@#
###oo# #oa..
o#.... . ..# ..
.# .# . ##


You could see an orc warrior, a worker ant, 2 orc priests and an orc.

Vanquished Creatures
  Grinder (D:3)
  2 phantoms
  A howler monkey (D:6)
  A quasit (D:7)
  A giant frog skeleton (D:4)
  A hound (D:6)
  2 orc priests
  An orc wizard (D:4)
  A worker ant (D:4)
  10 adders
  5 dart slugs
  14 orcs
  8 giant cockroaches
  8 goblins
  7 hobgoblins
  3 jackals (D:3)
  2 kobolds
  5 quokkas
  A ball python (D:3)
  5 bats
  4 giant newts
  10 rats
93 creatures vanquished.

Notes
Turn   | Place    | Note
--------------------------------------------------------------
     0 | D:1      | Inkary the Ghoul Fighter began the quest for the Orb.
     0 | D:1      | Reached XP level 1. HP: 19/19 MP: 0/0
   145 | D:1      | Reached XP level 2. HP: 20/26 MP: 1/1
   617 | D:1      | Reached XP level 3. HP: 32/33 MP: 2/2
   865 | D:2      | Reached skill level 4 in Fighting
   989 | D:2      | Reached XP level 4. HP: 38/40 MP: 3/3
  1549 | D:3      | Noticed Grinder
  1581 | D:3      | Paralysed by Grinder for 3 turns
  1612 | D:3      | Killed Grinder
  1612 | D:3      | Reached skill level 5 in Fighting
  1612 | D:3      | Reached XP level 5. HP: 27/48 MP: 4/4
  1612 | D:3      | Reached XP level 6. HP: 32/56 MP: 5/5
  1818 | D:3      | Found a shadowy altar of Dithmenos.
  2141 | D:3      | Found a bloodstained altar of Trog.
  2218 | D:3      | Found an ancient bone altar of Kikubaaqudgha.
  2222 | D:3      | Found a glowing silver altar of Zin.
  2333 | D:4      | Noticed a phantom
  2636 | D:4      | Killed a phantom
  2636 | D:4      | Reached XP level 7. HP: 48/61 MP: 6/6
  2658 | D:4      | Reached skill level 5 in Unarmed Combat
  2773 | D:4      | Found a sacrificial altar of Ru.
  3301 | D:4      | Found Uptossec's Jewellery Emporium.
  3348 | D:4      | You fall through a shaft for 3 floors!
  3453 | D:6      | Found a blossoming altar of Fedhas.
  3454 | D:6      | Found a radiant altar of Vehumet.
  3456 | D:6      | Found a glowing golden altar of the Shining One.
  3477 | D:7      | Reached skill level 6 in Fighting
  3477 | D:7      | Reached skill level 5 in Armour
  3739 | D:6      | Killed from afar by an orc priest

Skill      XL: |  1  2  3  4  5  6  7 |
---------------+----------------------+-----
Armour         | 3 4 5 |  5.3
Unarmed Combat | 3 4 5 |  5.7
Fighting       | 4 5 6 |  6.3
Shields        | |  2.6

Action                   |  1- 3 |  4- 6 |  7- 9 || total
-------------------------+-------+-------+-------++-------
Melee: Unarmed           |   114 |   228 |   128 ||   470
       Punch             |     3 |     2 |     8 ||    13
  Use: Potion            |       |       |     1 ||     1
 Stab: Paralysed         |       |       |     2 ||     2
       Invisible         |       |       |     1 ||     1
  Eat: Chunk             |     3 |     8 |     5 ||    16
       Meat ration       |       |     1 |       ||     1
Armor: Scale mail        |    61 |    89 |    71 ||   221
Dodge: Dodged            |    46 |    78 |    50 ||   174
